 Dungeon Crawl Stone Soup version 0.24.1-8-ga250c9d538 (webtiles) character file.

Game seed: 15759509373568255074, levelgen mode: deterministic

280 Peloso the Shield-Bearer (level 6, 0/48 HPs)
             Began as a Formicid Fighter on Apr 29, 2020.
             Was an Initiate of Okawaru.
             Succumbed to a worker ant's poison
             ... on level 4 of the Dungeon.
             The game lasted 00:05:35 (2531 turns).

Peloso the Shield-Bearer (Formicid Fighter)         Turns: 2531, Time: 00:05:36

Health: 0/48       AC:  9    Str: 21    XL:     6   Next: 52%
Magic:  6/6        EV:  9    Int:  8    God:    Okawaru [......]
Gold:   212        SH: 10    Dex: 11    Spells: 5/5 levels left

rFire    + . .     SeeInvis +   a - +1 long sword
rCold    . . .     Gourm    .   c - +0 shield
rNeg     . . .     Faith    .   h - +1 scale mail {rF+}
rPois    .         Spirit   .   (helmet unavailable)
rElec    .         Reflect  .   (no cloak)
rCorr    .         Harm     .   (no gloves)
MR       .....                  j - +0 pair of boots
Stlth    ..........             (no amulet)
HPRegen  0.16/turn              (no ring)
MPRegen  0.10/turn              (no ring)

@: lethally poisoned (0 -> -16)
A: permanent stasis, dig shafts and tunnels, four strong arms, antennae 3
a: Dig, Shaft Self, Renounce Religion


You were on level 4 of the Dungeon.
You worshipped Okawaru.
Okawaru was noncommittal.
You were hungry.

You visited 1 branch of the dungeon, and saw 4 of its levels.

You collected 212 gold pieces.

Inventory:

Hand Weapons
 a - a +1 long sword (weapon)
 b - a +1 dagger of venom
Armour
 c - a +0 shield (worn)
 h - a +1 scale mail of fire resistance (worn)
 j - a +0 pair of boots (worn)
Jewellery
 m - an uncursed ring of see invisible {unknown}
 o - an uncursed ring of poison resistance {unknown}
 p - an uncursed ring of positive energy
Scrolls
 e - 7 scrolls of remove curse
 l - 2 scrolls of identify {unknown}
 q - a scroll of fog {unknown}
 r - a scroll of enchant armour {unknown}
Potions
 d - a potion of might
 g - a potion of agility {unknown}
 i - 2 potions of invisibility
 k - 2 potions of flight {unknown}
 n - a potion of heal wounds {unknown}
Comestibles
 f - 10 rations


   Skills:
 + Level 4.1 Fighting
 + Level 3.5 Long Blades
 + Level 4.6 Armour
 + Level 1.2 Dodging
 + Level 1.1 Stealth
 + Level 5.2 Shields


You had 5 spell levels left.
You didn't know any spells.
Your spell library contained the following spells:

 Spells                   Type           Power        Failure   Level  Hunger
 Animate Skeleton         Necr           N/A          95%         1    ##.....
 Apportation              Tloc           #.....       95%         1    ##.....
 Confusing Touch          Hex            #.....       95%         1    ##.....
 Summon Small Mammal      Summ           #...         95%         1    ##.....


Dungeon Overview and Level Annotations

Branches:
Dungeon (4/15)
 Temple: D:4-7

Altars:
Cheibriados
Okawaru


Innate Abilities, Weirdness & Mutations

You cannot be hasted, slowed, berserked, paralysed or teleported.
You can dig through walls and to a lower floor.
Your four strong arms can wield two-handed weapons with a shield.
You have a pair of large antennae on your head. (SInv)


Message History

You closely miss the worker ant.
The worker ant is lightly wounded.
The worker ant bites you but does no damage.
The worker ant bites you.
You are more poisoned.
The worker ant poisons you!
You hit the worker ant but do no damage.
The worker ant is lightly wounded.
You feel sick. The worker ant bites you.
* * * LOW HITPOINT WARNING * * *
You are more poisoned.
The worker ant poisons you!
You hit the worker ant but do no damage.
The worker ant is lightly wounded.
* * * LOW HITPOINT WARNING * * *
You feel sick. You block the worker ant's attack. The worker ant bites you.
* * * LOW HITPOINT WARNING * * *
You hit the worker ant.
The worker ant is heavily wounded.
You die...

#....########
#.......#
#....##.#
#....##.#
#....##.#
#######.#########
#.............
#......#########
#.....<..@a...$#
#......#######.#
#^......
######... #....
#.... #.... #[


You could see a worker ant.

Vanquished Creatures
  A hound (D:4)
  A jelly (D:3)
  An orc wizard (D:3)
  2 worker ants (D:4)
  4 adders
  5 gnolls
  A worm (D:2)
  A dart slug (D:2)
  2 leopard geckos
  5 orcs
  2 giant cockroaches (D:1)
  4 goblins
  9 hobgoblins
  2 jackals (D:1)
  3 kobolds
  5 bats
  2 frilled lizards
  10 rats
60 creatures vanquished.

Notes
Turn   | Place    | Note
-------+----------+-------------------------------------------
     0 | D:1      | Peloso the Formicid Fighter began the quest for the Orb.
     0 | D:1      | Reached XP level 1. HP: 18/18 MP: 1/1
   102 | D:1      | Reached XP level 2. HP: 18/24 MP: 2/2
   131 | D:1      | Reached skill level 4 in Shields
   338 | D:1      | Reached XP level 3. HP: 30/30 MP: 3/3
   928 | D:2      | Reached XP level 4. HP: 25/37 MP: 4/4
   972 | D:2      | Found a snail-covered altar of Cheibriados.
  1213 | D:2      | Found an iron altar of Okawaru.
  1241 | D:2      | Became a worshipper of Warmaster Okawaru
  1618 | D:3      | Reached XP level 5. HP: 26/42 MP: 5/5
  1800 | D:3      | Reached skill level 1 in Stealth
  2006 | D:3      | Reached skill level 5 in Shields
  2042 | D:3      | Reached skill level 1 in Dodging
  2050 | D:3      | Reached XP level 6. HP: 41/48 MP: 6/6
  2530 | D:4      | HP: 2/48 [worker ant (6)]
  2531 | D:4      | Succumbed to a worker ant's poison

Levels and vault maps discovered:
D:1:      grunt_arrival_lava_bath, layout_loops_ring
D:2:      layout_loops_ring, okawaru_altar_gauntlet_db, kennysheep_slug_shrine
D:3:      layout_basic
D:4:      layout_basic, bloody_trog

Skill      XL: |  1  2  3  4  5 |
---------------+----------------+-----
Shields        | 4 5 |  5.2
Fighting       | 4 |  4.1
Armour         | 4 |  4.6
Stealth        | 1 |  1.1
Long Blades    | 3 |  3.5
Dodging        | 1 |  1.2

Action                   |  1- 3 |  4- 6 || total
-------------------------+-------+-------++-------
Melee: Long sword        |    88 |   120 ||   208
  Use: Potion            |     5 |       ||     5
       Scroll            |     1 |     3 ||     4
  Eat: Chunk             |       |     5 ||     5
Armor: Scale mail        |    46 |    54 ||   100
Dodge: Dodged            |    28 |    53 ||    81
Block: Shield            |    43 |    77 ||   120
       Rpst.: Long sword |     8 |    21 ||    29
